 Dungeon Crawl Stone Soup version 0.22-a0-160-gcc81d7a (webtiles) character file.

28 Kidiri the Magician (level 2, -1/15 HPs)
             Began as a Deep Elf Fire Elementalist on Feb 10, 2018.
             Slain by a kobold
             ... wielding a +0 short sword
              (2 damage)
             ... on level 2 of the Dungeon.
             The game lasted 00:04:40 (1307 turns).

Kidiri the Magician (Deep Elf Fire Elementalist)    Turns: 1307, Time: 00:04:42

Health: -1/15      AC:  3    Str:  5    XL:     2   Next: 96%
Magic:  0/9        EV: 13    Int: 19    God:
Gold:   68         SH:  0    Dex: 15    Spells: 6/9 levels left

rFire    + . .     SeeInvis .   e - +0 short sword
rCold    . . .     Gourm    .   (no shield)
rNeg     . . .     Faith    .   a - +0 robe
rPois    .         Spirit   .   (no helmet)
rElec    .         Reflect  .   (no cloak)
rCorr    .         Harm     .   (no gloves)
MR       .....                  j - +0 pair of boots
Stlth    ++........             (no amulet)
HPRegen  0.05/turn              i - ring of protection from fire
MPRegen  0.11/turn              (no ring)

@: no status effects
A: no striking features
a: no special abilities


You were on level 2 of the Dungeon.
You were not hungry.

You visited 1 branch of the dungeon, and saw 2 of its levels.

You collected 68 gold pieces.

Inventory:

Hand Weapons
 e - a +0 short sword (weapon)
Armour
 a - a +0 robe (worn)
 j - a +0 pair of boots (worn)
Jewellery
 i - a ring of protection from fire (left hand)
Scrolls
 h - a scroll of remove curse {unknown}
Potions
 d - a potion of flight {unknown}
 f - a potion of curing {unknown}
Books
 b - a book of Flames

   Spells                             Type                      Level
   a - Flame Tongue                   Conjuration/Fire             1
   b - Throw Flame                    Conjuration/Fire             2
   c - Conjure Flame                  Conjuration/Fire             3
   d - Inner Flame                    Hexes/Fire                   3
   e - Sticky Flame                   Conjuration/Fire             4
   f - Fireball                       Conjuration/Fire             5
Comestibles
 c - 3 rations
 g - 4 chunks of flesh


   Skills:
 - Level 2.4 Dodging
 - Level 2.4 Stealth
 * Level 4.0 Spellcasting
 + Level 1.8 Conjurations
 + Level 3.6 Fire Magic


You had 6 spell levels left.
You knew the following spells:

 Your Spells              Type           Power        Failure   Level  Hunger
a - Flame Tongue          Conj/Fire      ##...        4%          1    None
b - Throw Flame           Conj/Fire      ##....       7%          2    ##.....


Dungeon Overview and Level Annotations

Branches:
Dungeon (2/15)

Altars:

Annotations:
D:2 Terence


Message History

Aim: Terence, wielding a vampiric short sword and wearing a chain mail (severely wounded, berserk, fast, unusually strong)
The flame tongue hits Terence.
Terence is almost dead.
The ball python hisses angrily.
Terence hits you with a vampiric short sword.
Terence draws strength from your wounds!
The kobold hits you but does no damage.
Casting: Flame Tongue (safe; 4% risk of failure)
Confirm with . or Enter, or press ? or * to list all spells.
Aiming: Flame Tongue (safe; 4% risk of failure)
Press: ? - help, Shift-Dir - straight line, f/p - Terence
Aim: Terence, wielding a vampiric short sword and wearing a chain mail (severely wounded, berserk, fast, unusually strong)
The flame tongue hits Terence.
Terence is almost dead.
Terence hits you with a vampiric short sword!
Ouch! That really hurt!
* * * LOW HITPOINT WARNING * * *
Terence draws strength from your wounds!
The kobold hits you with a short sword.
You die...

.... #..# ####### #S.#
....(.# ...## #####.#
#...# #.# #...# #.#
#@K.# #####.# #@..#
...##.##########...#...
..........#.............
...##.###...............
#####.# ###.............
#####.##########...#.###
##.....>.# #...#...
#.#...#.# #...# ###
##.#...#.# #...#


You could see Terence (berserk), a ball python and a kobold.

Vanquished Creatures
  2 leopard geckos (D:2)
  2 giant cockroaches
  2 goblins (D:1)
  5 hobgoblins
  2 kobolds
  3 ball pythons (D:1)
  2 bats (D:1)
  2 frilled lizards (D:1)
  3 rats
23 creatures vanquished.

Notes
Turn   | Place    | Note
-------+----------+-------------------------------------------
     0 | D:1      | Kidiri the Deep Elf Fire Elementalist began the quest for the Orb.
     0 | D:1      | Reached XP level 1. HP: 10/10 MP: 6/6
   591 | D:1      | Reached XP level 2. HP: 15/15 MP: 4/8
   595 | D:1      | Learned a level 2 spell: Throw Flame
  1098 | D:2      | Reached skill level 4 in Spellcasting
  1296 | D:2      | Noticed Terence
  1307 | D:2      | Slain by a kobold

Vault maps used:
D:1:      evilmike_arrival_plus
D:2:      uniq_terence

Skill      XL: |  1  2 |
---------------+-------+-----
Spellcasting   | 4 |  4.0
Dodging        | |  2.4
Stealth        | |  2.4
Conjurations   | |  1.8
Fire Magic     | |  3.6

Action                   || total
-------------------------++-------
Melee: Short sword       ||    18
 Cast: Flame Tongue      ||    41
  Use: Scroll            ||     1
 Stab: Sleeping          ||     1
  Eat: Chunk             ||     1
Armor: Robe              ||     4
Dodge: Dodged            ||    26

Table legend:
 A = Spawn XP
 B = Non-spawn XP
 C = Spawn XP percentage of total XP
 D = Spawn monster count
 E = Non-spawn monster count
 F = Spawn count percentage of total count
 G = Total turns spent on level
                    A         B        C        D         E        F      G
               +---------+---------+-------+---------+---------+-------+---------
         Total |       0 |      40 |   0.0 |       0 |      23 |   0.0 |  1307
               +---------+---------+-------+---------+---------+-------+---------
           D:1 |       0 |      24 |   0.0 |       0 |      15 |   0.0 |  1062
           D:2 |       0 |      16 |   0.0 |       0 |       8 |   0.0 |   245
               +---------+---------+-------+---------+---------+-------+---------
